 Dungeon Crawl Stone Soup version 0.26.1-11-gd32895ea62 (webtiles) character file.

Game seed: 15583766804329371199

42 roguex75 the Sneak (level 3, -1/30 HPs)
             Began as a Draconian Brigand on July 6, 2021.
             Killed by nerve-wracking pain
             ... invoked by Jessica
              (8 damage)
             ... on level 3 of the Dungeon.
             The game lasted 00:18:11 (1342 turns).

roguex75 the Sneak (Draconian Brigand)              Turns: 1342, Time: 00:18:12

Health: -1/30      AC:  6    Str: 14    XL:     3   Next: 35%
Magic:  3/3        EV: 12    Int: 11    God:
Gold:   44         SH:  0    Dex: 12    Spells: 2/2 levels left

rFire    . . .     SeeInvis .   a - +3 dagger
rCold    . . .     Faith    .   (no shield)
rNeg     . . .     Spirit   .   (armour unavailable)
rPois    .         Reflect  .   (helmet restricted)
rElec    .         Harm     .   b - +0 cloak
rCorr    .         Rampage  .   (no gloves)
Will     .....                  (no boots)
Stlth    +++.......             (no amulet)
HPRegen  0.10/turn              (no ring)
MPRegen  0.08/turn              (no ring)

@: slowed, very slow
A: unfitting armour, cold-blooded, AC +5
a: no special abilities


You were on level 3 of the Dungeon.
You visited 1 branch of the dungeon, and saw 3 of its levels.

You collected 44 gold pieces.

Inventory:

Hand Weapons
 a - a +3 dagger (weapon)
Missiles
 c - 8 poisoned darts (quivered)
 d - 2 curare-tipped darts
Armour
 b - a +0 cloak (worn)
 f - a +0 robe
 i - a +0 leather armour
Jewellery
 e - a cursed -4 ring of evasion {unknown}
Potions
 g - a potion of flight {unknown}
 h - a potion of attraction {unknown}


   Skills:
 + Level 2.3 Fighting
 + Level 2.2 Short Blades
 + Level 1.9 Throwing
 + Level 1.2 Dodging
 + Level 4.5 Stealth


You had 2 spell levels left.
You didn't know any spells.
Your spell library was empty.

Dungeon Overview and Level Annotations

Branches:
Dungeon (3/15)

Altars:
Qazlal

Annotations:
D:3 Jessica


Innate Abilities, Weirdness & Mutations

Your plain brown scales are hard. (AC +5)
You cannot fit into any form of body armour.
You are cold-blooded and may be slowed by cold attacks.


Message History

The orc is lightly wounded.
Jessica gestures at you while chanting. Pain shoots through your body!
* * * LOW HITPOINT WARNING * * *
The orc hits you but does no damage. The goblin barely misses you.
The rat bites you.
* * * LOW HITPOINT WARNING * * *
You hit the goblin.
You kill the goblin!
Jessica casts a spell at you.
You feel yourself slow down. The orc closely misses you.
The rat closely misses you.
You closely miss the orc. You tail-slap the orc.
The orc is heavily wounded.
Jessica gestures wildly while chanting.
Jessica blinks!
The orc hits you but does no damage. The rat bites you but does no damage.
Jessica casts a spell at you. Pain shoots through your body!
You die...

<..# . ...## ..
##..... ... ...@...
...##### .......
#.....##.......
##..or.......
#######..†)@......#
#....<..#.##......#
....#####...........#
# #.#.#.......#
#.#.......$>#
....##......# ...#..
.....## .#..###
..#.## ..##


You could see Jessica (fast), an orc and a rat.

Vanquished Creatures
  3 adders (D:2)
  A ball python (D:2)
  A bat (D:2)
  2 giant cockroaches
  4 goblins
  A kobold (D:3)
  2 frilled lizards (D:2)
  2 rats
16 creatures vanquished.

Notes
Turn   | Place    | Note
-------+----------+-------------------------------------------
     0 | D:1      | roguex75 the Draconian Brigand began the quest for the Orb.
     0 | D:1      | Reached XP level 1. HP: 17/17 MP: 1/1
     7 | D:1      | You fall into a shaft and drop 1 floor!
    62 | D:2      | Reached skill level 4 in Stealth
    62 | D:2      | Reached XP level 2. HP: 24/24 MP: 2/2
    73 | D:2      | Found a stormy altar of Qazlal.
   293 | D:2      | Reached skill level 1 in Dodging
   846 | D:2      | Reached XP level 3. HP: 25/30 MP: 3/3
  1323 | D:3      | Noticed Jessica
  1342 | D:3      | Killed from afar by Jessica

Illustrated notes

Levels and vault maps discovered:
D:1:      dpeg_arrival_ternary, layout_rooms, grunt_decor_mini_mirrors
D:2:      layout_basic, nicolae_qazlal_general_emergency
D:3:      layout_rooms, tgw_xom, trog_book, uniq_jessica

Skill      XL: |  1  2 |
---------------+-------+-----
Stealth        | 4 |  4.5
Dodging        | 1 |  1.2
Fighting       | |  2.3
Short Blades   | |  2.2
Throwing       | |  1.9

Action                   || total
-------------------------++-------
Melee: Dagger            ||    68
       Tailslap          ||     4
Throw: Dart              ||     3
  Use: Scroll            ||     6
 Stab: Sleeping          ||     1
Armor: Skin              ||    25
Dodge: Dodged            ||    58
